| TOP OF THE 1ST |
|
Fort Wayne TinCaps batting - Pitching for Dayton Dragons : RHP Justin Ezzell
|
|
Pitching: RHP Justin Ezzell
|
|
|
Batting: SHB Adam Martin
|
0-0: Ground out 4-3 (Groundball, 34, EV 107.5 MPH)
|
|
Batting: RHB Juan Martinez
|
0-0: Ball 1-0: Ball 2-0: Foul Ball, location: 2F 2-1: Ball 3-1: Ground out 6-3 (Groundball, 6, EV 83.1 MPH)
|
|
Batting: LHB James Sousa
|
0-0: Called Strike 0-1: Called Strike 0-2: Strikes out swinging
|
| Top of the 1st over - 0 runs, 0 hits, 0 errors, 0 left on base; Fort Wayne 0 - Dayton 0 |
| BOTTOM OF THE 1ST |
|
Dayton Dragons batting - Pitching for Fort Wayne TinCaps : RHP Jesus Elizondo
|
|
Pitching: RHP Jesus Elizondo
|
|
|
Batting: LHB Nick Nino
|
0-0: Called Strike 0-1: Ball 1-1: Fly out, F6 (Line Drive, 6, EV 70.6 MPH)
|
|
Batting: LHB Chris Grunwald
|
0-0: Ball 1-0: Called Strike 1-1: Foul Ball, location: 2F 1-2: Ball 2-2: Ball 3-2: Fly out, F7 (Flyball, 7S, EV 85.6 MPH)
|
|
Batting: LHB Matt Kennedy
|
0-0: Ball 1-0: Ball 2-0: Foul Ball, location: 2F 2-1: Foul Ball, location: 2F 2-2: Ball 3-2: SOLO HOME RUN (Flyball, 9LD, EV 96.9 MPH), Distance : 343 ft
|
|
Batting: RHB Bruno André
|
0-0: Ball 1-0: Ball 2-0: Ball 3-0: Base on Balls
|
|
Batting: RHB John Galluzzo
|
0-0: Ball 1-0: Ball Bruno André steals 2nd base 2-0: Swinging Strike 2-1: Swinging Strike 2-2: Foul Ball, location: 2F 2-2: Strikes out looking
|
| Bottom of the 1st over - 1 run, 1 hit, 0 errors, 1 left on base; Fort Wayne 0 - Dayton 1 |
| TOP OF THE 2ND |
|
Fort Wayne TinCaps batting - Pitching for Dayton Dragons : RHP Justin Ezzell
|
|
Batting: RHB Mike Maserang
|
0-0: Foul Ball, location: 2F 0-1: Foul Ball, location: 2F 0-2: Ball 1-2: SINGLE (Flyball, 89S, EV 91.9 MPH)
|
|
Batting: LHB Mike Schermerhorn
|
0-0: Called Strike 0-1: Ball Wild Pitch! Mike Maserang to second 1-1: Swinging Strike 1-2: Strikes out swinging
|
|
Batting: RHB Davey Verhoog
|
0-0: Called Strike 0-1: Foul Ball, location: 2F 0-2: Ball 1-2: Strikes out looking
|
|
Batting: SHB Josh Parker
|
0-0: Ball 1-0: Ball 2-0: Ground out 5-3 (Groundball, 6, EV 109.4 MPH)
|
| Top of the 2nd over - 0 runs, 1 hit, 0 errors, 1 left on base; Fort Wayne 0 - Dayton 1 |
| BOTTOM OF THE 2ND |
|
Dayton Dragons batting - Pitching for Fort Wayne TinCaps : RHP Jesus Elizondo
|
|
Batting: RHB Ben Hinman
|
0-0: Swinging Strike 0-1: Foul Ball, location: 2F 0-2: Ball 1-2: Strikes out swinging
|
|
Batting: RHB Pat Grover
|
0-0: Foul Ball, location: 2F 0-1: Swinging Strike 0-2: Foul Ball, location: 2F 0-2: Strikes out swinging
|
|
Batting: RHB Frank Moron
|
0-0: Called Strike 0-1: Ball 1-1: Called Strike 1-2: Hit by Pitch
|
|
Batting: RHB Tim Walter
|
0-0: Ball 1-0: Ball 2-0: Called Strike 2-1: Fielders Choice at 2nd, 6-4 (Groundball, 56, EV 83.1 MPH)
|
| Bottom of the 2nd over - 0 runs, 0 hits, 0 errors, 1 left on base; Fort Wayne 0 - Dayton 1 |
| TOP OF THE 3RD |
|
Fort Wayne TinCaps batting - Pitching for Dayton Dragons : RHP Justin Ezzell
|
|
Batting: RHB Rich Justice
|
0-0: DOUBLE (Line Drive, 89D, EV 106.3 MPH)
|
|
Batting: RHB Brian Burd
|
0-0: Foul Ball, location: 2F 0-1: Swinging Strike 0-2: Strikes out swinging
|
|
Batting: SHB Adam Martin
|
0-0: Called Strike 0-1: Foul Ball, location: 2F 0-2: TRIPLE (Flyball, 89XD, EV 100.0 MPH) Rich Justice scores
|
|
Batting: RHB Juan Martinez
|
0-0: Ball 1-0: Swinging Strike 1-1: Swinging Strike 1-2: Strikes out swinging
|
|
Batting: LHB James Sousa
|
0-0: Foul Ball, location: 2F 0-1: Foul Ball, location: 2F 0-2: Foul Ball, location: 2F 0-2: Ball Wild Pitch! Adam Martin scores 1-2: Strikes out swinging
|
| Top of the 3rd over - 2 runs, 2 hits, 0 errors, 0 left on base; Fort Wayne 2 - Dayton 1 |
| BOTTOM OF THE 3RD |
|
Dayton Dragons batting - Pitching for Fort Wayne TinCaps : RHP Jesus Elizondo
|
|
Batting: LHB Nick Nino
|
0-0: DOUBLE (Line Drive, 7LM, EV 106.3 MPH)
|
|
Batting: LHB Chris Grunwald
|
0-0: Ball 1-0: Swinging Strike 1-1: Called Strike Nick Nino steals 3rd base 1-2: Foul Ball, location: 2F 1-2: Foul Ball, location: 2F 1-2: Ball 2-2: SINGLE (Groundball, 34D, EV 102.5 MPH) Nick Nino scores
|
|
Batting: LHB Matt Kennedy
|
0-0: Ball 1-0: Swinging Strike 1-1: Swinging Strike 1-2: Foul Ball, location: 2F 1-2: Ball 2-2: Ball 3-2: Foul Ball, location: 2F 3-2: Foul Ball, location: 2F 3-2: Base on Balls Chris Grunwald to second
|
|
Batting: RHB Bruno André
|
0-0: Ball 1-0: Called Strike 1-1: Called Strike 1-2: Strikes out looking and he ARGUES THE CALL AND IS TOSSED!
|
|
Batting: RHB John Galluzzo
|
0-0: Called Strike 0-1: Called Strike Chris Grunwald steals 3rd base Matt Kennedy to second 0-2: Ground out 6-3 (Groundball, 6, EV 106.9 MPH) Chris Grunwald scores
|
|
Batting: RHB Ben Hinman
|
0-0: Swinging Strike 0-1: Ball 1-1: SINGLE (Groundball, 56D, EV 95.0 MPH) Matt Kennedy to third Runner from 3rd tries for Home, throw by LF and OUT! 7-2
|
| Bottom of the 3rd over - 2 runs, 3 hits, 0 errors, 1 left on base; Fort Wayne 2 - Dayton 3 |
| TOP OF THE 4TH |
|
Fort Wayne TinCaps batting - Pitching for Dayton Dragons : RHP Justin Ezzell
|
|
Now in LF: Nick Nino
|
|
|
Now in CF: Leo Gomez
|
|
|
Batting: RHB Mike Maserang
|
0-0: Ball 1-0: Ball 2-0: Swinging Strike 2-1: Ball 3-1: Ground out 5-3 (Groundball, 56, EV 105.6 MPH)
|
|
Batting: LHB Mike Schermerhorn
|
0-0: Called Strike 0-1: Swinging Strike 0-2: Ball 1-2: Foul Ball, location: 2F 1-2: Ball 2-2: Strikes out looking
|
|
Batting: RHB Davey Verhoog
|
0-0: Ball 1-0: Single, Error in OF, E8, batter to second base (Groundball, 4MD, EV 100.6 MPH)
|
|
Batting: SHB Josh Parker
|
0-0: Ball 1-0: Ball 2-0: Foul Ball, location: 2F 2-1: Ground out 4-3 (Groundball, 4, EV 81.3 MPH)
|
| Top of the 4th over - 0 runs, 1 hit, 1 error, 1 left on base; Fort Wayne 2 - Dayton 3 |
| BOTTOM OF THE 4TH |
|
Dayton Dragons batting - Pitching for Fort Wayne TinCaps : RHP Jesus Elizondo
|
|
Batting: RHB Pat Grover
|
0-0: Ball 1-0: Foul Ball, location: 2F 1-1: Swinging Strike 1-2: Strikes out swinging
|
|
Batting: RHB Frank Moron
|
0-0: Ball 1-0: Foul Ball, location: 2F 1-1: Foul Ball, location: 2F 1-2: Foul Ball, location: 2F 1-2: Ball 2-2: Fly out, F6 (Popup, 4S, EV 78.8 MPH)
|
|
Batting: RHB Tim Walter
|
0-0: Called Strike 0-1: Called Strike 0-2: Ball 1-2: Ball 2-2: SINGLE (Line Drive, 5D, EV 95.6 MPH)
|
|
Batting: LHB Nick Nino
|
0-0: Called Strike 0-1: Swinging Strike 0-2: Hit by Pitch Tim Walter to second
|
|
Batting: LHB Chris Grunwald
|
0-0: Ball 1-0: Foul Ball, location: 2F 1-1: Swinging Strike 1-2: Ball 2-2: Strikes out swinging
|
| Bottom of the 4th over - 0 runs, 1 hit, 0 errors, 2 left on base; Fort Wayne 2 - Dayton 3 |
| TOP OF THE 5TH |
|
Fort Wayne TinCaps batting - Pitching for Dayton Dragons : RHP Justin Ezzell
|
|
Batting: RHB Rich Justice
|
0-0: Ball 1-0: Called Strike 1-1: Ball 2-1: Ground out 5-3 (Groundball, 6S, EV 91.9 MPH)
|
|
Batting: RHB Brian Burd
|
0-0: Ground out 4-3 (Groundball, 4M, EV 86.9 MPH)
|
|
Batting: SHB Adam Martin
|
0-0: Called Strike 0-1: Called Strike 0-2: Ball 1-2: SINGLE (Line Drive, 9S, EV 113.1 MPH)
|
|
Batting: RHB Juan Martinez
|
0-0: Ball 1-0: Fielders Choice at 2nd, 6-4 (Groundball, 6, EV 86.3 MPH)
|
| Top of the 5th over - 0 runs, 1 hit, 0 errors, 1 left on base; Fort Wayne 2 - Dayton 3 |
| BOTTOM OF THE 5TH |
|
Dayton Dragons batting - Pitching for Fort Wayne TinCaps : RHP Jesus Elizondo
|
|
Pitching: RHP Marcus Hill
|
|
|
Batting: LHB Matt Kennedy
|
0-0: Foul Ball, location: 2F 0-1: Called Strike 0-2: Ball 1-2: Ball 2-2: Foul Ball, location: 2F 2-2: Ground out U3 (Groundball, 3L, EV 92.5 MPH)
|
|
Batting: LHB Leo Gomez
|
0-0: Foul Ball, location: 2F 0-1: Ball 1-1: SINGLE (Groundball, P, EV 86.9 MPH) (infield hit)
|
|
Batting: RHB John Galluzzo
|
0-0: Ball 1-0: Called Strike Leo Gomez steals 2nd base (no throw) 1-1: Ball Leo Gomez steals 3rd base (no throw) 2-1: Foul Ball, location: 2F 2-2: Foul Ball, location: 2F 2-2: Foul Ball, location: 2F 2-2: Ball 3-2: Strikes out looking
|
|
Batting: RHB Ben Hinman
|
0-0: SINGLE (Groundball, 6MD, EV 98.1 MPH) Leo Gomez scores
|
|
Batting: RHB Pat Grover
|
0-0: Ball 1-0: Swinging Strike 1-1: Swinging Strike 1-2: Foul Ball, location: 2F 1-2: Foul Ball, location: 2F 1-2: Ball 2-2: Strikes out looking
|
| Bottom of the 5th over - 1 run, 2 hits, 0 errors, 1 left on base; Fort Wayne 2 - Dayton 4 |
| TOP OF THE 6TH |
|
Fort Wayne TinCaps batting - Pitching for Dayton Dragons : RHP Justin Ezzell
|
|
Batting: LHB James Sousa
|
0-0: Called Strike 0-1: Foul Ball, location: 2F 0-2: Ball 1-2: Ball 2-2: Ball 3-2: Foul Ball, location: 2F 3-2: Base on Balls
|
|
Batting: RHB Mike Maserang
|
0-0: Ball 1-0: Grounds into double play, 6-4-3 (Groundball, 6, EV 93.1 MPH)
|
|
Batting: LHB Mike Schermerhorn
|
0-0: Ball 1-0: Swinging Strike 1-1: Ball 2-1: Foul Ball, location: 2F 2-2: Foul Ball, location: 2F 2-2: Strikes out looking
|
| Top of the 6th over - 0 runs, 0 hits, 0 errors, 0 left on base; Fort Wayne 2 - Dayton 4 |
| BOTTOM OF THE 6TH |
|
Dayton Dragons batting - Pitching for Fort Wayne TinCaps : RHP Marcus Hill
|
|
Batting: RHB Frank Moron
|
0-0: Called Strike 0-1: Ball 1-1: Swinging Strike 1-2: Foul Ball, location: 2F 1-2: Strikes out looking
|
|
Batting: RHB Tim Walter
|
0-0: Foul Ball, location: 2F 0-1: Ball 1-1: Ball 2-1: Called Strike 2-2: Ball 3-2: Base on Balls
|
|
Batting: LHB Nick Nino
|
0-0: Ground out 4-3 (Groundball, 34S, EV 74.4 MPH) Tim Walter to second
|
|
Batting: LHB Chris Grunwald
|
0-0: Ball 1-0: Called Strike 1-1: Ball 2-1: Ball 3-1: Base on Balls
|
|
Pitching: RHP Roger Brennan
|
|
|
Batting: LHB Matt Kennedy
|
0-0: Swinging Strike 0-1: Ball 1-1: Swinging Strike 1-2: Strikes out looking
|
| Bottom of the 6th over - 0 runs, 0 hits, 0 errors, 2 left on base; Fort Wayne 2 - Dayton 4 |
| TOP OF THE 7TH |
|
Fort Wayne TinCaps batting - Pitching for Dayton Dragons : RHP Justin Ezzell
|
|
Batting: RHB Davey Verhoog
|
0-0: SINGLE (Line Drive, 9S, EV 97.5 MPH)
|
|
Batting: SHB Josh Parker
|
0-0: Fly out, F7 (Flyball, 7D, EV 80.6 MPH)
|
|
Batting: RHB Rich Justice
|
0-0: Ball Davey Verhoog steals 2nd base 1-0: Ball 2-0: SINGLE (Groundball, 56D, EV 95.0 MPH) Davey Verhoog to third Runner from 3rd tries for Home, SAFE, throw by LF to home
|
|
Pinch Hitting: LHB Angel Mejia
|
0-0: SINGLE (Groundball, 34D, EV 108.8 MPH) Rich Justice to second Rich Justice to third
|
|
Batting: SHB Adam Martin
|
0-0: Ball Angel Mejia steals 2nd, throwing error, E2 Rich Justice scores Angel Mejia to third 1-0: Foul Ball, location: 2F 1-1: Ball Passed Ball! Angel Mejia scores 2-1: SINGLE (Flyball, 8LS, EV 88.1 MPH)
|
|
Pitching: RHP Joe Green
|
|
|
Batting: RHB Juan Martinez
|
0-0: Called Strike 0-1: Ball 1-1: Ball 2-1: Ball 3-1: Foul Ball, location: 2F 3-2: Foul Ball, location: 2F 3-2: Strikes out swinging
|
|
Batting: LHB James Sousa
|
0-0: Fielders Choice at 2nd, U6 (Groundball, 4, EV 88.1 MPH)
|
| Top of the 7th over - 3 runs, 4 hits, 1 error, 1 left on base; Fort Wayne 5 - Dayton 4 |
| BOTTOM OF THE 7TH |
|
Dayton Dragons batting - Pitching for Fort Wayne TinCaps : RHP Roger Brennan
|
|
Now at SS: Angel Mejia
|
|
|
Batting: LHB Leo Gomez
|
0-0: Called Strike 0-1: Ground out 4-3 (Groundball, 13, EV 90.0 MPH)
|
|
Batting: RHB John Galluzzo
|
0-0: Ball 1-0: Called Strike 1-1: Fly out, F8 (Flyball, 78XD, EV 87.5 MPH)
|
|
Batting: RHB Ben Hinman
|
0-0: Called Strike 0-1: Ball 1-1: SOLO HOME RUN (Flyball, 78XD, EV 99.4 MPH), Distance : 395 ft
|
|
Batting: RHB Pat Grover
|
0-0: Ball 1-0: SINGLE (Groundball, 34D, EV 93.8 MPH)
|
|
Pinch Hitting: LHB Andrew Hamm
|
0-0: Ball 1-0: Called Strike 1-1: Swinging Strike 1-2: Ball 2-2: Strikes out looking
|
| Bottom of the 7th over - 1 run, 2 hits, 0 errors, 1 left on base; Fort Wayne 5 - Dayton 5 |
| TOP OF THE 8TH |
|
Fort Wayne TinCaps batting - Pitching for Dayton Dragons : RHP Joe Green
|
|
Pitching: RHP Adam McCurdy
|
|
|
Now at 3B: Jonathan Davis
|
|
|
Batting: RHB Mike Maserang
|
0-0: Ball 1-0: Foul Ball, location: 2F 1-1: Ball 2-1: Swinging Strike 2-2: Strikes out swinging
|
|
Batting: LHB Mike Schermerhorn
|
0-0: Ball 1-0: Called Strike 1-1: Called Strike 1-2: Strikes out swinging
|
|
Batting: RHB Davey Verhoog
|
0-0: Called Strike 0-1: Ball 1-1: Ball 2-1: Foul Ball, location: 2F 2-2: Foul Ball, location: 2F 2-2: Foul Ball, location: 2F 2-2: Ball 3-2: Foul Ball, location: 2F 3-2: Strikes out swinging
|
| Top of the 8th over - 0 runs, 0 hits, 0 errors, 0 left on base; Fort Wayne 5 - Dayton 5 |
| BOTTOM OF THE 8TH |
|
Dayton Dragons batting - Pitching for Fort Wayne TinCaps : RHP Roger Brennan
|
|
Pitching: RHP Andre Wiltz
|
|
|
Batting: RHB Tim Walter
|
0-0: Reached via error on a dropped throw from SS, E3 (Groundball, 6, EV 88.8 MPH)
|
|
Batting: LHB Nick Nino
|
0-0: Sac Bunt to 15 - play at second, runner OUT! 1-6
|
|
Batting: LHB Chris Grunwald
|
0-0: Called Strike 0-1: Ball 1-1: Ball Nick Nino is caught stealing 2nd base 2-6 2-1: Swinging Strike 2-2: Strikes out swinging
|
| Bottom of the 8th over - 0 runs, 0 hits, 1 error, 0 left on base; Fort Wayne 5 - Dayton 5 |
| TOP OF THE 9TH |
|
Fort Wayne TinCaps batting - Pitching for Dayton Dragons : RHP Adam McCurdy
|
|
Pitching: RHP Justin Ambrose
|
|
|
Batting: SHB Josh Parker
|
0-0: Ball 1-0: Foul Ball, location: 2F 1-1: Ball 2-1: Ground out 1-3 (Groundball, 13S, EV 68.1 MPH)
|
|
Batting: RHB Rich Justice
|
0-0: Ball 1-0: Foul Ball, location: 2F 1-1: Foul Ball, location: 2F 1-2: Foul Ball, location: 2F 1-2: Ball 2-2: Foul Ball, location: 2F 2-2: Ball 3-2: Base on Balls
|
|
Batting: LHB Angel Mejia
|
0-0: Ball 1-0: Foul Ball, location: 2F 1-1: Ball Rich Justice steals 2nd base 2-1: Foul Ball, location: 2F 2-2: Foul Ball, location: 2F 2-2: Strikes out swinging
|
|
Batting: SHB Adam Martin
|
0-0: Intentional Walk
|
|
Batting: RHB Juan Martinez
|
0-0: Called Strike 0-1: Ball Wild Pitch! Rich Justice to third Adam Martin to second 1-1: 3-RUN HOME RUN (Flyball, 7D, EV 94.4 MPH), Distance : 362 ft
|
|
Batting: LHB James Sousa
|
0-0: Ball 1-0: Ball 2-0: Foul Ball, location: 2F 2-1: Foul Ball, location: 2F 2-2: Ground out U3 (Groundball, 3, EV 82.5 MPH)
|
| Top of the 9th over - 3 runs, 1 hit, 0 errors, 0 left on base; Fort Wayne 8 - Dayton 5 |
| BOTTOM OF THE 9TH |
|
Dayton Dragons batting - Pitching for Fort Wayne TinCaps : RHP Andre Wiltz
|
|
Pitching: RHP Arturo Diaz
|
|
|
Batting: LHB Matt Kennedy
|
0-0: Ball 1-0: Fly out, F9 (Flyball, 9S, EV 83.1 MPH)
|
|
Batting: LHB Leo Gomez
|
0-0: Ball 1-0: Ball 2-0: Ball 3-0: Called Strike 3-1: Ground out 4-3 (Groundball, 34D, EV 95.6 MPH)
|
|
Batting: RHB John Galluzzo
|
0-0: Swinging Strike 0-1: Called Strike 0-2: Ball 1-2: Strikes out looking
|
| Bottom of the 9th over - 0 runs, 0 hits, 0 errors, 0 left on base; Fort Wayne 8 - Dayton 5 |
|